 Dungeon Crawl Stone Soup version 0.17-a0-1210-g1e4f09d (webtiles) character file.

3 SWAGNEMITE the Gusty (level 1, -2/15 HPs)
             Began as a Human Wanderer on June 3, 2015.
             Slain by a hobgoblin
             ... wielding a +0 club
              (5 damage)
             ... on level 1 of the Dungeon.
             The game lasted 00:00:42 (79 turns).

SWAGNEMITE the Gusty (Human Wanderer)                 Turns: 79, Time: 00:00:42

Health: -2/15      AC:  2    Str: 11    XL:     1   Next: 55%
Magic:  1/1        EV:  6    Int: 15    God:
Gold:   9          SH:  0    Dex: 10    Spells: 0 memorised, 0 levels left

rFire  . . .     SeeInvis .     a - +2 dagger
rCold  . . .     Clarity  .     d - +0 robe
rNeg   . . .     SustAt   .     (no shield)
rPois  .         Gourm    .     (no helmet)
rElec  .         Spirit   .     (no cloak)
rCorr  .         Warding  .     (no gloves)
rMut   .         Stasis   .     (no boots)
MR     .....                    (no amulet)
Stlth  +.........               (no ring)
                                (no ring)

@: not resistant to hostile enchantments, very unstealthy
A: no striking features
a: no special abilities


You were on level 1 of the Dungeon.
You were not hungry.

You visited 1 branch of the dungeon, and saw 1 of its levels.

You collected 9 gold pieces.

Inventory:

Hand weapons
 a - a +2 dagger (weapon)
Armour
 d - a +0 robe (worn)
Scrolls
 f - 2 scrolls of noise {unknown}
 g - a scroll of magic mapping {unknown}
Potions
 b - a potion of heal wounds
 c - a potion of curing
Comestibles
 e - a bread ration {@e1}


   Skills:
 + Level 1.3 Fighting
   Level 1.0 Staves
 + Level 0.2 Armour
 + Level 1.1 Dodging
 - Level 1.0 Stealth
   Level 5.0 Air Magic
   Level 1.0 Evocations


You couldn't memorise any spells.
You didn't know any spells.

Dungeon Overview and Level Annotations

Branches:
Dungeon (1/15)

Altars:


Message History

Welcome, SWAGNEMITE the Human Wanderer.
Will you prevail where others failed? Will you find the Orb of Zot?
Found a staircase leading out of the dungeon.
Wield which item (- for none, * to show all)? (? for menu, Esc to quit)
Okay, then.
A giant gecko comes into view.
The helpless giant gecko fails to defend itself.
You hit the giant gecko.
The giant gecko bites you but does no damage.
You completely miss the giant gecko. The giant gecko closely misses you.
You closely miss the giant gecko. The giant gecko bites you.
The giant gecko bites you but does no damage.
You take 3 damage, and have 12/15 hp.
You hit the giant gecko.
You kill the giant gecko!
No target in view!
f - a scroll labeled MEFUNICSU You now have 9 gold pieces.
Found a stone staircase leading down.
f - 2 scrolls labeled MEFUNICSU (gained 1) No target in view!
No target in view!
Found a stone staircase leading down.
No target in view!
A giant newt comes into view.
There is a stone staircase leading down here.
The giant newt barely misses you.
You completely miss the giant newt. The giant newt bites you.
You take 1 damage, and have 12/15 hp.
You hit the giant newt.
You kill the giant newt!
No target in view!
No target in view!
A rat comes into view.
A rat is nearby!
There is a stone staircase leading down here.
You hit the rat. The rat barely misses you.
You hit the rat.
You kill the rat!
No target in view!
g - a scroll labeled RINUDWOLEZ You see here a plate armour.
A hobgoblin comes into view. It is wielding a club.
The hobgoblin hits you with a club!
You take 7 damage, and have 6/15 hp.
MASSIVE DAMAGE!!
You hit the hobgoblin. The hobgoblin hits you with a club.
* * * LOW HITPOINT WARNING * * *
You take 4 damage, and have 2/15 hp.
MASSIVE DAMAGE!!
You aren't carrying or standing over any spellbooks.
The hobgoblin hits you but does no damage.
There is a stone staircase leading down here.
The hobgoblin hits you with a club.
You die...

.#...#.....##.##
...............#
.####†.....#..# #
#####.>.#.#[.# #.
#............# #.###
#............# ....#
#............#
#.#.###
#...........##
#.....#
#.......@..##
###.#.# ####.##g##.#
..#.#.#### #.##.##.#
#....)...###.......#
###...##........##.#
..###.##..#####.##.#
....#.....#####.##.#
##..#.##..##.......#
#...##......#.#.##


You could see a hobgoblin.

Vanquished Creatures
  A giant gecko (D:1)
  A giant newt (D:1)
  A rat (D:1)
3 creatures vanquished.

Notes
Turn   | Place    | Note
--------------------------------------------------------------
     0 | D:1      | SWAGNEMITE the Human Wanderer began the quest for the Orb.
     0 | D:1      | SWAGNEMITE set off with: a +2 dagger, a potion of heal wounds, a potion of curing, a +0 robe, a bread ration {@e1}
     0 | D:1      | Reached XP level 1. HP: 15/15 MP: 1/1
    69 | D:1      | HP: 2/15 [hobgoblin/club (4)]
    79 | D:1      | Slain by a hobgoblin

Vault maps used:
D:1:      dpeg_arrival_arbitrary_b

Action                   || total
-------------------------++-------
Melee: Dagger            ||     9
 Stab: Sleeping          ||     1

Vault maps used:
D:1:      dpeg_arrival_arbitrary_b

Table legend:
 A = Turns spent in this place as a percentage of turns spent in the entire game.
 B = Non-inter-level travel turns spent in this place as a percentage of non-inter-level travel turns spent in the entire game.
 C = Inter-level travel turns spent in this place as a percentage of turns spent in this place.
 D = Turns resting spent in this place as a percentage of non-inter-level travel turns spent in this place.
 E = Turns spent auto-exploring this place as a percentage of non-inter-level travel turns spent in this place.
 F = Non-inter-level travel turns spent in this place divided by the number of levels of this place that you've seen.
                   A       B       C       D       E      F
               +-------+-------+-------+-------+-------+----------------------
         Total | 100.0 | 100.0 |   0.0 |   0.0 |  17.0 |  47.0
       Dungeon | 100.0 | 100.0 |   0.0 |   0.0 |  17.0 |  47.0
               +-------+-------+-------+-------+-------+----------------------

Table legend:
 A = Kills in this place as a percentage of kills in entire the game.
 B = Kills by you in this place as a percentage of kills by you in the entire game.
 C = Kills by friends in this place as a percentage of kills by friends in the entire game.
 D = Other kills in this place as a percentage of other kills in the entire game.
 E = Experience gained in this place as a percentage of experience gained in the entire game.
 F = Experience gained in this place divided by the number of levels of this place that you have seen.
                   A       B       C       D       E      F
               +-------+-------+-------+-------+-------+----------------------
         Total | 100.0 | 100.0 |  -nan |  -nan | 100.0 |   5.0
       Dungeon | 100.0 | 100.0 |  -nan |  -nan | 100.0 |   5.0
               +-------+-------+-------+-------+-------+----------------------
